 Dungeon Crawl Stone Soup version 0.28-a0-1629-gf728b707aa (webtiles) character file.

Game seed: 14213142204908234753

1158 HallandMoats the Skirmisher (level 8, -4/68 HPs)
             Began as a Ghoul Fighter on Jan 24, 2022.
             Was a Believer of Cheibriados.
             Slain by a gnoll (5 damage)
             ... on level 5 of the Dungeon.
             The game lasted 00:04:42 (4176 turns).

HallandMoats the Skirmisher (Ghoul Fighter)         Turns: 4176, Time: 00:04:43

Health: -4/68      AC:  9    Str: 25 (26) XL:     8   Next: 39%
Magic:  10/10      EV:  8    Int:  8 (11) God:    Cheibriados [**....]
Gold:   212        SH:  5    Dex: 12 (14) Spells: 7/7 levels left

rFire   . . .      SeeInvis .   a - +0 rapier
rCold   + . .      Faith    .   c - +0 buckler
rNeg    + + +      Spirit   .   o - +0 chain mail
rPois   ∞          Reflect  .   (no helmet)
rElec   .          Harm     .   h - scarf {repulsion}
rCorr   .          Rampage  .   (no gloves)
Will    .....                   (no boots)
Stlth   ..........              (no amulet)
HPRegen 0.00/turn               (no ring)
MPRegen 0.12/turn               (no ring)

@: mighty, inhibited regen, repel missiles, very slow
A: claws 1, cold resistance 1, negative energy resistance 3, inhibited
regeneration, torment resistance 2
a: Renounce Religion, Bend Time


You were on level 5 of the Dungeon.
You worshipped Cheibriados.
Cheibriados was pleased with you.
You visited 1 branch of the dungeon, and saw 5 of its levels.

You collected 212 gold pieces.

Inventory:

Hand Weapons
 a - a +0 rapier (weapon)
Armour
 c - a +0 buckler (worn)
 h - a scarf of repulsion (worn)
 o - a +0 chain mail (worn)
Wands
 n - a wand of flame (6)
Scrolls
 i - 2 scrolls of teleportation
 j - a scroll of enchant armour
 r - a scroll of fog
Potions
 q - a potion of curing


   Skills:
 + Level 5.0 Fighting
 * Level 4.8 Short Blades
 + Level 4.0 Armour
 + Level 2.8 Dodging
 + Level 4.1 Shields
 * Level 4.9 Invocations


You had 7 spell levels left.
You didn't know any spells.
Your spell library contained the following spells:

 Spells                   Type           Power      Damage    Failure   Level
 Ozocubu's Armour         Ice            0%         N/A       100%        3
 Portal Projectile        Hex/Tloc       0%         N/A       100%        3
 Excruciating Wounds      Necr           0%         N/A       100%        5
 Ozocubu's Refrigeration  Ice            0%         4d5       100%        7
 Summon Hydra             Summ           0%         N/A       100%        7
 Sublimation of Blood     Necr           Unusable   N/A       N/A         2
 Wereblood                Tmut           Unusable   N/A       N/A         2
 Blade Hands              Tmut           Unusable   N/A       N/A         5

Dungeon Overview and Level Annotations

Branches:
Dungeon (5/15)
 Temple: D:4-7

Altars:
Cheibriados
Dithmenos
Okawaru
The Shining One

Annotations:
D:5 3 runed translucent doors, dolemite99's ghost, novice DsGl


Innate Abilities, Weirdness & Mutations

You thrive by killing the living.
You are immune to poison.
You have sharp fingernails.
Your flesh is cold resistant. (rC+)
You are immune to negative energy. (rN+++)
You do not regenerate when monsters are visible.
You are immune to unholy pain and torment.


Message History

The gnoll sergeant is severely wounded.
The gnoll hits you but does no damage. x2; The gnoll completely misses you.
The gnoll sergeant hits you but does no damage.
The gnoll hits you but does no damage.
You impale the gnoll sergeant!!
You kill the gnoll sergeant!
Cheibriados appreciates the change of pace.
The gnoll hits you but does no damage. The gnoll hits you with a +0 halberd.
The gnoll hits you with a +0 spear. The gnoll barely misses you.
The gnoll hits you with a +0 halberd!
* * * LOW HITPOINT WARNING * * *
The gnoll hits you but does no damage. x2
Items here: ) [[ †.
You puncture the gnoll!
You kill the gnoll!
Cheibriados appreciates the change of pace.
The gnoll barely misses you. You block the gnoll's attack.
The gnoll completely misses you.
You see here a +0 spear.
You hit the gnoll.
The gnoll is heavily wounded.
The gnoll hits you but does no damage. The gnoll hits you with a +0 halberd.
* * * LOW HITPOINT WARNING * * *
You hit the gnoll.
The gnoll is severely wounded.
The gnoll barely misses you. The gnoll hits you with a +0 halberd.
* * * LOW HITPOINT WARNING * * *
You puncture the gnoll!
You kill the gnoll!
Cheibriados appreciates the change of pace.
You block the gnoll's attack. The gnoll hits you with a +0 halberd!
* * * LOW HITPOINT WARNING * * *
You block the gnoll's attack.
Items here: ) [[ †.
You closely miss the gnoll. The gnoll hits you but does no damage.
You puncture the gnoll!
The gnoll is severely wounded.
The gnoll hits you with a +0 halberd.
You die...

####... .....#
..............#.....#.
..............#.......
..............#.......##
#............#....#...#
...#.................#.#.#
.((#.................#.#.#
...#............)..>.....#.#
(..#............@)<#.#...#.#
..W#.....####...g..#.....#.#
+###.....####...........<#.#
.........g............####.#
...........###...........#.#
...........###.........#.#.#
.$................#..#.#...#
..................#..#.#####
...............#.##..#....#


You could see a gnoll.

Vanquished Creatures
  Pikel (D:4)
  A black bear (D:4)
  A necrophage (D:2)
  A gnoll sergeant (D:5)
  A scorpion (D:4)
  A water moccasin skeleton (D:3)
  2 howler monkeys (D:4)
  A bullfrog zombie (D:5)
  Jessica (D:2)
  Ijyb (D:3)
  A hound skeleton (D:4)
  A howler monkey zombie (D:5)
  7 gnolls
  4 adders
  A worm (D:2)
  2 orcs (D:4)
  4 endoplasms
  3 giant cockroaches
  5 goblins
  2 hobgoblins
  6 jackals
  A quokka (D:2)
  7 ball pythons
  6 bats
  A frilled lizard (D:1)
  5 kobolds
  5 rats
72 creatures vanquished.

Notes
Turn   | Place    | Note
-------+----------+-------------------------------------------
     0 | D:1      | HallandMoats the Ghoul Fighter began the quest for the Orb.
     0 | D:1      | Reached XP level 1. HP: 19/19 MP: 0/0
    29 | D:1      | Reached XP level 2. HP: 13/26 MP: 1/1
   591 | D:1      | Reached XP level 3. HP: 33/33 MP: 2/2
   600 | D:1      | Found a faded altar of an unknown god.
   733 | D:1      | Prayed at the altar of an unknown god.
   733 | D:1      | Became a worshipper of Cheibriados the Contemplative
   733 | D:1      | Reached * piety under Cheibriados
   862 | D:2      | Noticed Jessica
   867 | D:2      | Killed Jessica
   868 | D:2      | Reached skill level 1 in Invocations
   868 | D:2      | Reached XP level 4. HP: 38/40 MP: 3/3
  1149 | D:2      | Reached ** piety under Cheibriados
  1211 | D:2      | Noticed a necrophage
  1224 | D:2      | Killed a necrophage
  1225 | D:2      | Reached skill level 4 in Fighting
  1225 | D:2      | Reached skill level 1 in Dodging
  1225 | D:2      | Reached XP level 5. HP: 13/46 MP: 3/5
  1915 | D:3      | Noticed Ijyb
  1930 | D:3      | Killed Ijyb
  1939 | D:3      | Reached XP level 6. HP: 7/52 MP: 6/6
  3105 | D:4      | Noticed Pikel
  3117 | D:4      | Killed Pikel
  3118 | D:4      | Reached XP level 7. HP: 49/60 MP: 7/9
  3118 | D:4      | Reached XP level 8. HP: 55/67 MP: 7/10
  3289 | D:4      | Found a shadowy altar of Dithmenos.
  3292 | D:4      | Found an iron altar of Okawaru.
  3566 | D:5      | Entered Level 5 of the Dungeon
  3572 | D:5      | Reached *** piety under Cheibriados
  3704 | D:5      | Found a runed translucent gate.
  3704 | D:5      | Found a runed translucent gate.
  3704 | D:5      | Found a runed translucent gate.
  3705 | D:5      | Noticed dolemite99's ghost (novice DsGl)
  3742 | D:4      | Reached skill level 5 in Fighting
  4174 | D:5      | HP: 1/68 [gnoll (9)]
  4176 | D:5      | Slain by a gnoll

Illustrated notes

Levels and vault maps discovered:
D:1:      dpeg_arrival_simpleton_b, layout_rooms,
          shapermc_ecumenical_altar_mp_ritualfount, minmay_tromino_v4_b
D:2:      layout_basic, uniq_jessica
D:3:      layout_basic, tso_altar, uniq_ijyb
D:4:      layout_gridville, nicolae_overflow_squiral, uniq_pikel
D:5:      minmay_thinvault, layout_basic, lemuel_mausoleum_altar_kikubaaqudgha,
          ebering_ghost_rock_garden

Skill      XL: |  1  2  3  4  5  6  7  8 |
---------------+-------------------------+-----
Short Blades   | 2 3 4 |  4.8
Armour         | 3 4 |  4.0
Invocations    | 1 2 4 |  4.9
Shields        | 3 4 |  4.1
Fighting       | 4 5 |  5.0
Dodging        | 1 2 |  2.8

Action                   |  1- 3 |  4- 6 |  7- 9 || total
-------------------------+-------+-------+-------++-------
Melee: Rapier            |    61 |   153 |    64 ||   278
Invok: Bend Time         |       |       |     2 ||     2
  Use: Potion            |       |     1 |    11 ||    12
       Scroll            |       |       |     4 ||     4
Armor: Scale mail        |    32 |    39 |       ||    71
       Chain mail        |       |    29 |    47 ||    76
Dodge: Dodged            |    36 |    67 |    37 ||   140
Block: Buckler           |    12 |    42 |    21 ||    75

Table legend: (Time is in decaauts)
 A = Elapsed time spent in this place.
 B = Non-inter-level travel time spent in this place.
 C = Inter-level travel time spent in this place.
 D = Time resting spent in this place.
 E = Time spent auto-exploring this place.
 F = Levels seen in this place.
 G = Mean time per level.
                   A        B        C        D        E       F      G
               +--------+--------+--------+--------+--------+-----+--------+
         Total |   5137 |   5035 |    102 |    323 |   4025 |   5 | 1027.4 |
       Dungeon |   5137 |   5035 |    102 |    323 |   4025 |   5 | 1027.4 |
               +--------+--------+--------+--------+--------+-----+--------+

Top non-repeatable levels by time:
     D:4: 1461 daAuts
     D:2: 1444 daAuts
     D:3: 1212 daAuts
     D:1: 765 daAuts
     D:5: 254 daAuts
